 Dungeon Crawl Stone Soup version 0.23.2-33-g5129a83184 (webtiles) character file.

Game seed: 9283426157145672895

2986 Aesthetico the Carver (level 9, 0/89 HPs)
             Began as a Minotaur Gladiator on July 18, 2019.
             Was a Follower of Nemelex Xobeh.
             Shot with an arrow by a centaur (10 damage)
             ... on level 7 of the Dungeon on July 19, 2019.
             The game lasted 00:19:15 (6512 turns).

Aesthetico the Carver (Minotaur Gladiator)          Turns: 6512, Time: 00:19:16

Health: 0/89       AC:  6    Str: 21    XL:     9   Next: 53%
Magic:  8/8        EV: 14    Int:  5    God:    Nemelex Xobeh [*.....]
Gold:   369        SH:  0    Dex: 13    Spells: 8/8 levels left

rFire    + . .     SeeInvis .   n - +1 great sword
rCold    . . .     Gourm    .   (shield currently unavailable)
rNeg     . . .     Faith    .   B - +2 robe {rF+}
rPois    .         Spirit   .   c - +0 hat
rElec    .         Reflect  .   u - +1 cloak
rCorr    .         Harm     .   (no gloves)
MR       .....                  (no boots)
Stlth    +.........             (no amulet)
HPRegen  0.24/turn              (no ring)
MPRegen  0.11/turn              (no ring)

@: no status effects
A: retaliatory headbutt, horns 2
a: Draw Escape, Draw Destruction, Draw Summoning, Renounce Religion


You were on level 7 of the Dungeon.
You worshipped Nemelex Xobeh.
Nemelex Xobeh was aware of your devotion.
You were not hungry.

You visited 2 branches of the dungeon, and saw 8 of its levels.

You collected 369 gold pieces.

Inventory:

Hand Weapons
 a - a +0 long sword
 n - a +1 great sword (weapon)
Missiles
 d - 4 throwing nets (quivered)
Armour
 c - a +0 hat (worn)
 u - a +1 cloak (worn)
 B - a +2 robe of fire resistance (worn)
Wands
 m - a wand of acid (14)
 w - a wand of random effects (17)
 E - a wand of flame (19)
Scrolls
 e - 3 scrolls of blinking
 g - a scroll of random uselessness
 j - a scroll of enchant armour
 o - 3 scrolls of identify
 p - 2 scrolls of magic mapping
 s - 3 scrolls of teleportation
 v - 2 scrolls of enchant weapon
 y - 3 scrolls of remove curse
 F - 3 scrolls of amnesia {unknown}
Potions
 b - a potion of berserk rage {unknown}
 h - 2 potions of flight {unknown}
 i - a potion of haste
 k - 4 potions of agility
 l - a potion of brilliance {unknown}
 r - 3 potions of mutation {unknown}
 t - 2 potions of might
 x - 2 potions of degeneration {unknown}
 z - a potion of resistance {unknown}
 A - a potion of cancellation {unknown}
 D - a potion of heal wounds
Comestibles
 f - 7 rations
 q - 4 chunks of flesh


   Skills:
 - Level 11.0 Fighting
 - Level 11.5 Long Blades
 - Level 2.0 Throwing
 + Level 4.5 Dodging


You had 8 spell levels left.
You didn't know any spells.
Your spell library was empty.

Dungeon Overview and Level Annotations

Branches:
Dungeon (7/15)             Temple (1/1) D:6

Altars:
Cheibriados
Elyvilon
Hepliaklqana
Nemelex Xobeh
Okawaru
Ru
Sif Muna
Uskayaw
Xom
Yredelemnul
Zin
The Shining One

Shops:
D:4 [(?*


Innate Abilities, Weirdness & Mutations

You reflexively headbutt those who attack you in melee.
You have a pair of horns on your head.


Message History

You butcher the adder corpse.
The centaur wields a +0 shortbow.
The centaur shoots an arrow.
You stop butchering the corpse.
The arrow hits you.
* * * LOW HITPOINT WARNING * * *
The centaur shoots an arrow.
The arrow barely misses you.
Things that are here:
an arrow; 2 stones; 3 tomahawks You now have 369 gold pieces (gained 15).
Items here: ( ))) [[ † The centaur shoots an arrow.
The arrow closely misses you.
The centaur shoots an arrow.
The arrow hits you!
* * * LOW HITPOINT WARNING * * *
Items here: ( ) [ † an arrow; a +0 short sword; a +0 leather armour; an orc corpse The centaur shoots an arrow.
The arrow hits you.
* * * LOW HITPOINT WARNING * * *
You see here an arrow.
The centaur shoots an arrow.
The arrow hits you!
You die...
Your body glows slightly and disappears.

#.......# ..# #.......#
..# # #.......# ..#.#
#.......# #.#.##
#.......# #.#.c
#.......# #).######
#.......#######.>......
#...<<..@((.((c)#
#.....(.#########
#.......# #########


You could see a centaur.

Vanquished Creatures
  Grinder (D:3)
  Sigmund (D:3)
  The ghost of DorianNounverber the Magician, an amateur DEWz (D:3)
  2 water moccasins
  A sky beast (D:5)
  3 orc warriors
  An ice beast (D:5)
  2 ogres (D:5)
  A phantom (D:6)
  2 boggarts (D:5)
  3 howler monkeys
  6 crimson imps
  3 hounds
  A jelly (D:7)
  5 orc wizards
  Crazy Yiuf (D:2)
  A bullfrog skeleton (D:5)
  5 orc priests
  An iguana (D:5)
  Jessica (D:2)
  2 gnoll shamans (D:4)
  Ijyb (D:3)
  3 worker ants (D:4)
  Robin (D:2)
  11 gnolls
  A howler monkey skeleton (D:6)
  11 adders
  2 river rats (D:5)
  4 shadow imps
  2 oozes
  An adder skeleton (D:4)
  5 worms
  2 dart slugs
  4 leopard geckos
  25 orcs
  5 ball pythons
  5 giant cockroaches
  6 goblins
  14 hobgoblins
  12 jackals
  2 quokkas
  11 bats
  6 frilled lizards
  9 kobolds
  2 quokka skeletons
  12 rats
201 creatures vanquished.

Vanquished Creatures (others)
  A kobold (D:3)
1 creature vanquished.

Grand Total: 202 creatures vanquished

Notes
Turn   | Place    | Note
-------+----------+-------------------------------------------
     0 | D:1      | Aesthetico the Minotaur Gladiator began the quest for the
                  | Orb.
     0 | D:1      | Reached XP level 1. HP: 18/18 MP: 0/0
    77 | D:1      | Reached XP level 2. HP: 19/25 MP: 1/1
   339 | D:1      | Reached skill level 5 in Long Blades
   349 | D:1      | Reached XP level 3. HP: 26/30 MP: 2/2
  1134 | D:2      | Reached XP level 4. HP: 36/37 MP: 3/3
  1478 | D:2      | Noticed Jessica
  1486 | D:2      | Killed Jessica
  1628 | D:2      | Noticed Robin
  1637 | D:2      | Killed Robin
  1637 | D:2      | Reached XP level 5. HP: 38/42 MP: 4/4
  1687 | D:2      | Found a runed translucent door.
  1688 | D:2      | Noticed Crazy Yiuf
  1810 | D:2      | Killed Crazy Yiuf
  1999 | D:2      | Found a deep blue altar of Sif Muna.
  2061 | D:3      | Noticed Ijyb
  2071 | D:3      | Killed Ijyb
  2098 | D:3      | Reached XP level 6. HP: 42/50 MP: 5/5
  2099 | D:3      | Noticed Sigmund
  2698 | D:3      | Noticed Grinder
  2704 | D:3      | Paralysed by Grinder for 5 turns
  2715 | D:3      | Paralysed by Grinder for 4 turns
  2721 | D:3      | Killed Grinder
  2721 | D:3      | Reached XP level 7. HP: 41/56 MP: 6/6
  2724 | D:3      | Killed Sigmund
  2724 | D:3      | Reached skill level 10 in Long Blades
  2730 | D:3      | Found a runed translucent gate.
  2731 | D:3      | Found a runed translucent gate.
  2731 | D:3      | Found a runed translucent gate.
  2733 | D:3      | Identified the +2 whip "Kyceimem" {drain, *Noise rC+++
                  | rN+++ Str-2}
  2734 | D:3      | Noticed DorianNounverber's ghost (amateur DEWz)
  2976 | D:3      | Killed DorianNounverber's ghost
  3315 | D:3      | Found a snail-covered altar of Cheibriados.
  3500 | D:4      | Reached XP level 8. HP: 51/62 MP: 7/7
  3562 | D:4      | Found a white marble altar of Elyvilon.
  3604 | D:4      | Found Nanabei's Antique Armour Shop.
  3880 | D:4      | Found Risampaff's Antique Weapon Shop.
  3991 | D:4      | Found Tatt's Assorted Antiques.
  4113 | D:4      | Found Helogoss's Magic Scroll Emporium.
  4145 | D:4      | Reached skill level 5 in Fighting
  4525 | D:4      | Found a sparkling altar of Nemelex Xobeh.
  4536 | D:4      | Found an iron altar of Okawaru.
  4537 | D:4      | Found a shimmering altar of Xom.
  4538 | D:4      | Found a hide-covered altar of Uskayaw.
  4540 | D:4      | Found a basalt altar of Yredelemnul.
  4564 | D:4      | Became a worshipper of Nemelex Xobeh the Trickster
  4654 | D:5      | Entered Level 5 of the Dungeon
  4664 | D:5      | Received a gift from Nemelex Xobeh
  4706 | D:5      | Found a sacrificial altar of Ru.
  4879 | D:5      | Reached XP level 9. HP: 47/82 MP: 8/8
  5335 | D:5      | Found a glowing silver altar of Zin.
  5380 | D:5      | Found a glowing drain.
  5557 | D:6      | Reached * piety under Nemelex Xobeh
  5557 | D:6      | Received a gift from Nemelex Xobeh
  5668 | D:6      | Reached skill level 10 in Fighting
  5949 | D:6      | Found a staircase to the Ecumenical Temple.
  5976 | Temple   | Entered the Ecumenical Temple
  6489 | D:7      | HP: 4/89 [orc/cursed +0 falchion (7)]
  6512 | D:7      | Shot with an arrow by a centaur

Skill      XL: |  1  2  3  4  5  6  7  8  9 |
---------------+----------------------------+-----
Long Blades    | 4 5 6 7 8 9 11 | 11.5
Fighting       | 8 11 | 11.0
Dodging        | 4 |  4.5
Throwing       | |  2.0

Action                   |  1- 3 |  4- 6 |  7- 9 || total
-------------------------+-------+-------+-------++-------
Melee: Long sword        |    57 |       |       ||    57
       Headbutt          |    16 |    21 |    43 ||    80
       Great sword       |    11 |   101 |   201 ||   313
 Abil: Draw Destruction  |       |       |     3 ||     3
  Use: Potion            |     1 |     4 |     7 ||    12
       Scroll            |       |       |    10 ||    10
 Stab: Sleeping          |       |     1 |     1 ||     2
       Distracted        |       |       |     2 ||     2
  Eat: Chunk             |     1 |     5 |    12 ||    18
Armor: Leather armour    |    26 |     1 |       ||    27
       Robe              |       |    20 |    35 ||    55
Dodge: Dodged            |    74 |    66 |   153 ||   293
       Rpst.: Long sword |    17 |       |       ||    17
       Great sword       |     2 |    11 |    45 ||    58
